 Dungeon Crawl Stone Soup version 0.16.2-12-gd0ad4c3 (webtiles) character file.

2760 faibistes the Thaumaturge (level 9, -6/53 HPs)
             Began as a Deep Elf Wizard on June 25, 2019.
             Was an Initiate of Sif Muna.
             Mangled by Psyche
             ... wielding a +4 dagger of chaos
              (17 damage)
             ... on level 10 of the Dungeon on June 29, 2019.
             The game lasted 00:27:51 (11998 turns).

faibistes the Thaumaturge (Deep Elf Wizard)        Turns: 11998, Time: 00:27:51

Health: -6/53      AC:  4    Str:  4    XL:     9   Next: 41%
Magic:  31/31      EV: 16    Int: 27    God:    Sif Muna [......]
Gold:   625        SH:  0    Dex: 13    Spells: 6 memorised, 17 levels left

rFire  . . .     SeeInvis .     w - +3 rapier (venom)
rCold  . . .     Clarity  .     a - +0 robe
rNeg   + . .     SustAb   .     (no shield)
rPois  .         Gourm    .     b - +0 hat
rElec  .         Spirit   .     q - +1 cloak
rCorr  .         Warding  +     (no gloves)
rMut   .         Stasis   .     (no boots)
MR     .....                    o - amulet of warding
Stlth  +.........               (no ring)
                                (no ring)

@: confused, repel missiles, not resistant to hostile enchantments, very
unstealthy
A: no striking features
a: Renounce Religion


You were on level 10 of the Dungeon.
You worshipped Sif Muna.
Sif Muna was noncommittal.
You were not hungry.

You visited 2 branches of the dungeon, and saw 12 of its levels.
You also visited: Ossuary.

You collected 625 gold pieces.

Inventory:

Hand weapons
 i - a cursed +0 dagger
 w - a +3 rapier of venom (weapon)
 W - a +2 spear of freezing
Armour
 a - a +0 robe (worn)
 b - a +0 hat (worn)
 q - a +1 cloak (worn)
Magical staves
 g - an uncursed staff of wizardry
Jewellery
 o - an amulet of warding (around neck)
Magical devices
 p - a wand of frost (14)
 x - a wand of digging (13)
 B - a wand of digging (14)
Scrolls
 e - 3 scrolls of immolation
 k - 2 scrolls of remove curse
 r - a scroll of teleportation
 s - a scroll of magic mapping
 y - a scroll of blinking
Potions
 f - a potion of haste
 j - 3 potions of heal wounds
 l - 2 potions of resistance
 m - a potion of curing
 n - 5 potions of restore abilities
 u - a potion of might {unknown}
 v - 2 potions of brilliance
 z - 2 potions of ambrosia
 C - a potion of agility {unknown}
Books
 c - a book of Minor Magic

   Spells                             Type                      Level
   a - Magic Dart                     Conjuration                  1
   b - Blink                          Translocation                2
   c - Call Imp                       Summoning                    2
   d - Repel Missiles                 Charms/Air                   2
   e - Slow                           Hexes                        2
   f - Conjure Flame                  Conjuration/Fire             3
   g - Mephitic Cloud                 Conjuration/Poison/Air       3
Comestibles
 d - 4 bread rations
 h - 3 beef jerkies
 t - a slice of pizza
 A - 6 chunks of flesh


   Skills:
 - Level 4.9 Fighting
 + Level 7.3 Dodging
 - Level 2.4 Stealth
 * Level 11.0 Spellcasting
 * Level 4.1 Conjurations
 - Level 1.1 Summonings
 - Level 3.1 Translocations
 * Level 0.7 Fire Magic
 * Level 0.6 Air Magic
 + Level 0.4 Poison Magic
 - Level 3.6 Evocations


You had 17 spell levels left.
You knew the following spells:

 Your Spells              Type           Power        Failure   Level  Hunger
a - Magic Dart            Conj           ####         1%          1    None
b - Conjure Flame         Conj/Fire      ####....     4%          3    None
c - Call Imp              Summ           ###.....     4%          2    None
d - Blink                 Tloc           N/A          1%          2    None
e - Mephitic Cloud        Conj/Pois/Air  ###.....     6%          3    None
f - Repel Missiles        Chrm/Air       ###...       6%          2    None


Dungeon Overview and Level Annotations

Branches:
Dungeon (11/15)            Temple (1/1) D:6
   Lair: D:8-11         Orc: D:9-12

Altars:
Ashenzari
Cheibriados
Dithmenos
Elyvilon
Fedhas
Gozag
Kikubaaqudgha
Makhleb
Nemelex Xobeh
Okawaru
Qazlal
Ru
Sif Muna
Trog
Vehumet
Xom
Yredelemnul
Zin
The Shining One

Shops:
D:7 %

Annotations:
D:10 Psyche


Message History

Unknown command.
Unknown command.
You hit Psyche.
Psyche is moderately wounded.
Psyche hits you with a dagger of chaos.
* * * LOW HITPOINT WARNING * * *
Psyche burns you.
* * * LOW HITPOINT WARNING * * *
The adder closely misses you. The shadow imp barely misses you.
The yak gores you.
* * * LOW HITPOINT WARNING * * *
Psyche completely misses you. The adder completely misses you.
The shadow imp hits you but does no damage.
Unknown command.
You bump into the rock wall.
Psyche screams, "YOU ARE VIOLATING AREA SECURITY!!!"
Psyche hits you with a dagger of chaos.
* * * LOW HITPOINT WARNING * * *
Space warps horribly around you!
You die...

#.. #.# #.#
#.#############
#W.............
#..############
#Y.# #S@# #@.#
#5Y#
#Ys###########
#..............
#.....>........
#......Y§......
#.............
#...........!.
#.......h.....


You could see Psyche, 3 yaks, a phantom, a scorpion, an adder and a shadow imp.

Vanquished Creatures
  A troll (D:9)
  A deep elf mage (D:9)
  A hippogriff (D:8)
  Edmund (D:7)
  Menkaure (D:7)
  A sky beast (D:6)
  An orc warrior (D:11)
  A necrophage (D:6)
  A centaur (D:6)
  A phantom (D:7)
  2 ogres
  A giant frog (D:8)
  A scorpion (D:6)
  8 killer bees (D:8)
  2 crimson imps
  A giant frog zombie (D:6)
  A gnoll shaman (D:8)
  2 orc priests
  A hound (D:4)
  A jelly (D:5)
  5 orc wizards
  5 worker ants
  A worker ant zombie (D:5)
  8 mummies (Ossuary)
  10 adders
  5 gnolls (D:8)
  A giant mite (D:1)
  4 worms
  An adder skeleton (D:6)
  An adder zombie (D:5)
  3 giant geckos
  25 orcs
  11 bats
  A bat skeleton (D:4)
  8 hobgoblins
  8 jackals
  9 kobolds
  A ball python (D:1)
  A ball python skeleton (D:5)
  3 giant cockroaches
  4 giant newts
  2 giant spores
  11 goblins
  4 hobgoblin zombies (Ossuary)
  2 kobold zombies (Ossuary)
  2 orc zombies (Ossuary)
  A quokka skeleton (D:4)
  16 rats
  5 ballistomycetes
188 creatures vanquished.

Vanquished Creatures (collateral kills)
  2 killer bees (D:8)
  A worker ant (D:4)
  3 orcs
  3 bats
  A jackal (D:1)
10 creatures vanquished.

Vanquished Creatures (others)
  3 crimson imps (D:8)
  A shadow imp (D:2)
  A white imp (D:8)
5 creatures vanquished.

Grand Total: 203 creatures vanquished

Notes
Turn   | Place    | Note
--------------------------------------------------------------
     0 | D:1      | faibistes, the Deep Elf Wizard, began the quest for the Orb.
     0 | D:1      | Reached XP level 1. HP: 10/10 MP: 6/6
   291 | D:1      | Reached XP level 2. HP: 15/15 MP: 7/9
   295 | D:1      | Learned a level 2 spell: Blink
   298 | D:1      | Learned a level 2 spell: Call Imp
   829 | D:1      | Reached XP level 3. HP: 19/19 MP: 11/13
   834 | D:1      | Learned a level 3 spell: Conjure Flame
   838 | D:1      | Learned a level 3 spell: Mephitic Cloud
   936 | D:1      | Reached skill level 5 in Spellcasting
  2366 | D:2      | Reached XP level 4. HP: 24/24 MP: 15/17
  2370 | D:2      | Learned a level 2 spell: Repel Missiles
  3750 | D:3      | Found a blossoming altar of Fedhas.
  3955 | D:5      | Entered Level 5 of the Dungeon
  4009 | D:5      | Found a sand-covered staircase.
  4015 | Ossuary  | Entered an ossuary
  4037 | Ossuary  | Reached XP level 5. HP: 28/28 MP: 17/20
  4095 | Ossuary  | Reached skill level 6 in Spellcasting
  4768 | D:4      | Reached XP level 6. HP: 32/32 MP: 13/22
  5433 | D:4      | Reached skill level 7 in Spellcasting
  6239 | D:4      | Noticed an ogre
  6252 | D:4      | Killed an ogre
  6252 | D:4      | Reached XP level 7. HP: 36/36 MP: 13/25
  6631 | D:5      | Reached skill level 5 in Dodging
  7143 | D:6      | Reached skill level 1 in Fighting
  7187 | D:5      | Reached skill level 8 in Spellcasting
  7881 | D:6      | Noticed a necrophage
  7894 | D:6      | Killed a necrophage
  7999 | D:6      | Noticed a centaur
  8015 | D:6      | Killed a centaur
  8095 | D:6      | Found a staircase to the Ecumenical Temple.
  8125 | D:6      | Noticed a sky beast
  8139 | D:6      | Killed a sky beast
  8217 | D:6      | Reached skill level 9 in Spellcasting
  8217 | D:6      | Reached XP level 8. HP: 45/45 MP: 14/28
  9384 | D:7      | Noticed Edmund
  9420 | D:7      | Killed Edmund
  9790 | D:7      | Reached skill level 1 in Evocations
  9987 | D:7      | Noticed Menkaure
  9991 | D:7      | Killed Menkaure
  9991 | D:7      | Reached skill level 10 in Spellcasting
 10161 | D:7      | Found Smutequr's Food Emporium.
 10178 | Temple   | Entered the Ecumenical Temple
 10233 | Temple   | Became a worshipper of Sif Muna the Loreminder
 10286 | D:7      | Found a basalt altar of Yredelemnul.
 10767 | D:8      | Noticed a queen bee
 11026 | D:8      | Reached XP level 9. HP: 20/52 MP: 16/30
 11646 | D:9      | Noticed a troll
 11652 | D:9      | Killed a troll
 11655 | D:9      | Reached skill level 11 in Spellcasting
 11815 | D:10     | Entered Level 10 of the Dungeon
 11830 | D:8      | You fall through a shaft for 3 floors!
 11960 | D:11     | Noticed a white ugly thing
 11975 | D:10     | Noticed Psyche
 11998 | D:10     | Mangled by Psyche

Action                   |  1- 3 |  4- 6 |  7- 9 || total
-------------------------+-------+-------+-------++-------
Melee: Unarmed           |     1 |       |       ||     1
       Dagger            |       |     4 |       ||     4
       Rapier            |       |     8 |    73 ||    81
 Cast: Magic Dart        |   101 |   224 |   272 ||   597
       Call Imp          |     8 |     3 |     5 ||    16
       Mephitic Cloud    |     3 |     9 |    19 ||    31
       Conjure Flame     |     3 |     4 |    20 ||    27
       Blink             |     2 |     4 |     7 ||    13
       Repel Missiles    |       |     1 |     2 ||     3
Evoke: Wand              |       |       |     1 ||     1
  Use: Scroll            |       |    14 |     8 ||    22
       Potion            |       |       |     6 ||     6
 Stab: Confused          |       |     1 |     3 ||     4
  Eat: Chunk             |     4 |    11 |    16 ||    31
       Fruit             |       |       |     3 ||     3
